 Dungeon Crawl Stone Soup version 0.27-a0-67-g4bfc8a49e1 (webtiles) character file.

Game seed: 9904772484019321073

78 Borgoz the Ruffian (level 4, -2/37 HPs)
             Began as a Ghoul Gladiator on Jan 9, 2021.
             Slain by an orc (5 damage)
             ... on level 2 of the Dungeon.
             The game lasted 00:02:49 (1930 turns).

Borgoz the Ruffian (Ghoul Gladiator)                Turns: 1930, Time: 00:02:50

Health: -2/37      AC:  4    Str: 17    XL:     4   Next: 36%
Magic:  3/3        EV: 12    Int:  3    God:
Gold:   94         SH:  3    Dex: 11    Spells: 3/3 levels left

rFire    . . .     SeeInvis .     - Unarmed
rCold    + . .     Faith    .   l - +0 buckler
rNeg     + + +     Spirit   .   a - +0 leather armour
rPois    ∞         Reflect  .   b - +0 helmet
rElec    .         Harm     .   (no cloak)
rCorr    .         Rampage  .   (no gloves)
Will     .....                  (no boots)
Stlth    +.........             (no amulet)
HPRegen  0.00/turn              (no ring)
MPRegen  0.08/turn              (no ring)

@: no status effects
A: claws 1, cold resistance 1, negative energy resistance 3, inhibited
regeneration, torment resistance, unbreathing
a: no special abilities


You were on level 2 of the Dungeon.
You visited 1 branch of the dungeon, and saw 2 of its levels.

You collected 94 gold pieces.

Inventory:

Missiles
 c - 3 throwing nets (quivered)
Armour
 a - a +0 leather armour (worn)
 b - a +0 helmet (worn)
 l - a +0 buckler (worn)
Scrolls
 d - 2 scrolls of enchant weapon {unknown}
 f - a scroll of remove curse {unknown}
 g - 2 scrolls of magic mapping {unknown}
 i - a scroll of fear {unknown}
 m - a scroll of noise {unknown}
Potions
 h - a potion of curing
 j - 4 potions of brilliance
 k - a potion of magic


   Skills:
 + Level 2.9 Fighting
 - Level 1.7 Throwing
 + Level 1.3 Armour
 + Level 3.1 Dodging
 + Level 0.4 Shields
 * Level 4.2 Unarmed Combat


You had 3 spell levels left.
You didn't know any spells.
Your spell library was empty.

Dungeon Overview and Level Annotations

Branches:
Dungeon (2/15)

Altars:
Dithmenos


Innate Abilities, Weirdness & Mutations

You thrive by killing the living.
You are immune to poison.
You have sharp fingernails.
Your flesh is cold resistant. (rC+)
You are immune to negative energy. (rN+++)
You do not regenerate when monsters are visible.
You are immune to unholy pain and torment.
You can survive without breathing.


Message History

You scratch the orc but do no damage.
The orc priest casts a cantrip, but nothing happens.
The orc barely misses you.
You closely miss the orc. The orc hits you.
You closely miss the orc. The orc barely misses you.
You closely miss the orc.
The orc priest mumbles some strange prayers to Beogh against you.
Beogh smites you!
You closely miss the orc. The orc hits you. The orc barely misses you.
You scratch the orc.
The orc is severely wounded.
The orc splashes around in the water.
The orc priest calls upon Beogh to heal the orc.
The orc's wounds heal themselves!
You barely miss the orc.
The orc drinks a potion.
The orc seems to grow stronger.
The orc hits you.
You scratch the orc but do no damage. The orc hits you with a +0 flail!
* * * LOW HITPOINT WARNING * * *
The orc hits you.
You die...

#.##.###.# #....
#........# #.###
######.#######.#
#......≈.≈≈..≈.#
#..≈≈≈..≈.≈≈≈..#
#≈.≈≈≈≈≈≈≈≈≈≈≈.#
#≈≈≈≈≈≈≈≈≈≈≈...#
#..≈≈≈≈≈≈≈≈≈...###
#@.≈≈≈≈.≈≈≈≈≈.....
#oo≈≈≈._.≈≈≈..####
#o≈≈≈≈♣..≈≈≈≈.## #
#.≈≈≈≈≈≈≈≈≈≈...###
#..≈≈≈≈≈≈≈≈≈......
#..≈≈≈≈≈≈≈≈≈.≈####
#.≈≈....≈....≈###.
#≈≈≈...≈≈....≈....
##########.######.


You could see an orc priest and 2 orcs.

Vanquished Creatures
  A shadow imp (D:2)
  2 worms (D:2)
  A dart slug (D:1)
  4 leopard geckos
  An orc (D:2)
  A ball python (D:1)
  4 giant cockroaches
  7 goblins
  9 hobgoblins
  3 jackals (D:2)
  7 kobolds
  A quokka (D:2)
  4 bats
  3 frilled lizards (D:2)
  4 rats (D:1)
52 creatures vanquished.

Notes
Turn   | Place    | Note
-------+----------+-------------------------------------------
     0 | D:1      | Borgoz the Ghoul Gladiator began the quest for the Orb.
     0 | D:1      | Reached XP level 1. HP: 17/17 MP: 0/0
    90 | D:1      | Reached XP level 2. HP: 21/25 MP: 1/1
   612 | D:1      | Reached XP level 3. HP: 30/30 MP: 2/2
   807 | D:2      | Reached skill level 1 in Armour
   858 | D:2      | Found a shadowy altar of Dithmenos.
   902 | D:2      | Found a faded altar of an unknown god.
  1041 | D:2      | Reached skill level 4 in Unarmed Combat
  1480 | D:2      | Reached XP level 4. HP: 37/37 MP: 3/3
  1930 | D:2      | Slain by an orc

Illustrated notes

Levels and vault maps discovered:
D:1:      dpeg_arrival_shelter, layout_loops_ring
D:2:      layout_loops_corners, lemuel_doored_altar,
          chequers_ecumenical_altar_island

Skill      XL: |  1  2  3 |
---------------+----------+-----
Armour         | 1 |  1.3
Dodging        | 3 |  3.1
Unarmed Combat | 4 |  4.2
Fighting       | |  2.9
Throwing       | |  1.7
Shields        | |  0.4

Action                   |  1- 3 |  4- 6 || total
-------------------------+-------+-------++-------
Melee: Unarmed           |   146 |    37 ||   183
       Punch             |     2 |       ||     2
  Use: Scroll            |       |     3 ||     3
Armor: Leather armour    |    40 |    12 ||    52
Dodge: Dodged            |   119 |    21 ||   140
Block: Buckler           |     1 |     5 ||     6

Table legend: (Time is in decaauts)
 A = Elapsed time spent in this place.
 B = Non-inter-level travel time spent in this place.
 C = Inter-level travel time spent in this place.
 D = Time resting spent in this place.
 E = Time spent auto-exploring this place.
 F = Levels seen in this place.
 G = Mean time per level.
                   A        B        C        D        E       F      G
               +--------+--------+--------+--------+--------+-----+--------+
         Total |   1922 |   1887 |     35 |     72 |   1470 |   2 |  961.0 |
       Dungeon |   1922 |   1887 |     35 |     72 |   1470 |   2 |  961.0 |
               +--------+--------+--------+--------+--------+-----+--------+

Top non-repeatable levels by time:
     D:2: 1133 daAuts
     D:1: 789 daAuts
